 Dungeon Crawl Stone Soup version 0.20.0-15-g7f486f2 (webtiles) character file.

1252 Malak the Protected (level 8, -3/66 HPs)
             Began as a Hill Orc Fighter on June 12, 2017.
             Was a Follower of Beogh.
             Slain by Prince Ribbit (15 damage)
             ... on level 5 of the Dungeon.
             The game lasted 00:26:37 (5013 turns).

Malak the Protected (Hill Orc Fighter)              Turns: 5013, Time: 00:26:37

Health: -3/66      AC:  9    Str: 21    XL:     8   Next: 51%
Magic:  8/8        EV:  8    Int:  8    God:    Beogh [*.....]
Gold:   228        SH:  9    Dex: 10    Spells: 7/7 levels left

rFire    . . .     SeeInvis +   t - +1 hand axe (freeze)
rCold    . . .     Gourm    +   c - +0 shield
rNeg     . . .     Faith    .   g - +0 scale mail
rPois    .         Spirit   .   (no helmet)
rElec    .         Reflect  .   (no cloak)
rCorr    .         Harm     .   v - +0 pair of gloves
MR       .....                  (no boots)
Stlth    ..........             x - amulet of the gourmand
Regen    0.3/turn               e - ring of see invisible
MPRegen  0.2/turn               (no ring)

@: no status effects
A: no striking features
a: Renounce Religion


You were on level 5 of the Dungeon.
You worshipped Beogh.
Beogh was aware of your devotion.
You were not hungry.

You visited 1 branch of the dungeon, and saw 5 of its levels.

You collected 228 gold pieces.

Inventory:

Hand Weapons
 a - a +1 war axe
 i - a +0 war axe
 t - a +1 hand axe of freezing (weapon)
 A - a +1 shortbow of freezing
Missiles
 y - 3 tomahawks (quivered)
Armour
 c - a +0 shield (worn)
 g - a +0 scale mail (worn)
 v - a +0 pair of gloves (worn)
Magical Staves
 B - an uncursed staff of wizardry
Jewellery
 e - a ring of see invisible (left hand)
 x - an amulet of the gourmand (around neck)
Scrolls
 b - a scroll of magic mapping
 d - a scroll of remove curse
 h - 4 scrolls of teleportation
Potions
 j - a potion of curing {unknown}
 k - a potion of invisibility {unknown}
 m - a potion of heal wounds {unknown}
 o - a potion of resistance {unknown}
 p - a potion of magic {unknown}
 q - a potion of ambrosia {unknown}
 r - a potion of haste {unknown}
 s - a potion of agility {unknown}
 w - a potion of cancellation {unknown}
 z - 2 potions of lignification {unknown}
 E - a potion of might
Comestibles
 f - 3 bread rations
 l - a royal jelly
 n - 3 meat rations
 u - 4 fruits


   Skills:
 - Level 4.0 Fighting
 - Level 8.1 Axes
 - Level 8.3 Armour
 + Level 2.2 Dodging
 - Level 4.0 Shields


You had 7 spell levels left.
You didn't know any spells.

Dungeon Overview and Level Annotations

Branches:
Dungeon (5/15)
 Temple: D:4-7

Altars:
Fedhas
Okawaru
Trog

Annotations:
D:5 Prince Ribbit


Message History

You block Prince Ribbit's attack.
You closely miss Prince Ribbit.
Prince Ribbit is heavily wounded.
Prince Ribbit hits you.
You closely miss Prince Ribbit.
Prince Ribbit is heavily wounded.
Prince Ribbit is no longer moving slowly.
Prince Ribbit barely misses you.
You hit Prince Ribbit. You freeze Prince Ribbit.
Prince Ribbit is heavily wounded.
Prince Ribbit barely misses you.
You hit Prince Ribbit. You freeze Prince Ribbit.
Prince Ribbit is severely wounded.
Prince Ribbit barely misses you.
You closely miss Prince Ribbit.
Prince Ribbit is severely wounded.
Prince Ribbit hits you!
* * * LOW HITPOINT WARNING * * *
Prince Ribbit hits you!
You die...

#.# #.### #.#
##... #.# ...
#.### #)# #...#
#.# ###.# #(#
######.## #.#
........# #(#
######..#### #@#
...........#####F#
>....#...........#
####.#........####
#.#........#####.#
#...#............#
###........#######
######........#
..............#


You could see Prince Ribbit.

Vanquished Creatures
  The ghost of Malak the Skirmisher, an amateur HOFi of Beogh (D:4)
  Menkaure (D:4)
  An ice beast (D:5)
  A necrophage (D:5)
  A phantom (D:4)
  A centaur (D:5)
  An ogre (D:2)
  A howler monkey (D:4)
  A crimson imp (D:5)
  A jelly (D:5)
  2 orc wizards (D:5)
  An iguana (D:4)
  4 worker ants
  A worker ant zombie (D:5)
  A howler monkey skeleton (D:4)
  4 gnolls (D:2)
  10 adders
  4 worms
  2 dart slugs
  A leopard gecko (D:1)
  10 orcs
  7 bats
  3 giant cockroaches
  13 hobgoblins
  9 jackals
  2 quokkas
  2 ball pythons
  3 frilled lizards
  A giant cockroach zombie (D:5)
  12 goblins
  12 kobolds
  7 rats
121 creatures vanquished.

Vanquished Creatures (others)
  An orc (D:5)
  A hobgoblin (D:3)
  2 kobolds (D:3)
4 creatures vanquished.

Grand Total: 125 creatures vanquished

Notes
Turn   | Place    | Note
-------+----------+-------------------------------------------
     0 | D:1      | Malak the Hill Orc Fighter began the quest for the Orb.
     0 | D:1      | Reached XP level 1. HP: 19/19 MP: 1/1
    83 | D:1      | Reached XP level 2. HP: 14/27 MP: 2/2
   541 | D:1      | Reached XP level 3. HP: 24/33 MP: 3/3
   892 | D:2      | Reached XP level 4. HP: 36/40 MP: 4/4
   914 | D:2      | Noticed an ogre
   927 | D:2      | Killed an ogre
   927 | D:2      | Reached skill level 5 in Armour
   927 | D:2      | Reached XP level 5. HP: 19/46 MP: 5/5
  1946 | D:3      | Reached XP level 6. HP: 52/52 MP: 6/6
  1964 | D:3      | Became a worshipper of Beogh the Brigand
  2386 | D:3      | Found an iron altar of Okawaru.
  2795 | D:4      | Noticed Malak's ghost (amateur HOFi)
  2827 | D:4      | Killed Malak's ghost
  2827 | D:4      | Reached * piety under Beogh
  2827 | D:4      | Reached XP level 7. HP: 10/59 MP: 7/7
  3100 | D:4      | Noticed Menkaure
  3857 | D:4      | Killed Menkaure
  3857 | D:4      | Reached skill level 5 in Axes
  4149 | D:4      | Found a blossoming altar of Fedhas.
  4572 | D:5      | Entered Level 5 of the Dungeon
  4578 | D:5      | Reached XP level 8. HP: 59/66 MP: 8/8
  4782 | D:5      | Found a bloodstained altar of Trog.
  4933 | D:5      | Reached skill level 1 in Dodging
  4994 | D:5      | Noticed Prince Ribbit
  5013 | D:5      | Slain by Prince Ribbit

Skill      XL: |  1  2  3  4  5  6  7  8 |
---------------+-------------------------+-----
Axes           | 3 6 8 |  8.1
Fighting       | 4 |  4.0
Shields        | 4 |  4.0
Armour         | 4 5 6 7 8 |  8.3
Dodging        | 2 |  2.2

Action                   |  1- 3 |  4- 6 |  7- 9 || total
-------------------------+-------+-------+-------++-------
Melee: War axe           |   116 |   163 |       ||   279
       Hand axe          |       |    21 |   222 ||   243
Invok: Convert to Beogh  |       |     1 |       ||     1
  Use: Scroll            |       |     7 |     5 ||    12
       Potion            |       |     1 |       ||     1
  Eat: Chunk             |       |     2 |     8 ||    10
       Bread ration      |       |     1 |       ||     1
       Fruit             |       |       |     2 ||     2
       Meat ration       |       |       |     1 ||     1
Armor: Scale mail        |    60 |    80 |    87 ||   227
Dodge: Dodged            |    34 |    48 |    61 ||   143
Block: Shield            |    71 |    90 |    97 ||   258
